 Dungeon Crawl Stone Soup version 0.28-a0-413-gde365fb1df (webtiles) character file.

Game seed: 16790433275451109614

611 Maize the Chopper (level 7, -3/61 HPs)
             Began as a Minotaur Berserker on Sept 7, 2021.
             Was a Priest of Trog.
             Slain by an orc warrior (9 damage)
             ... on level 5 of the Dungeon.
             The game lasted 00:07:06 (4195 turns).

Maize the Chopper (Minotaur Berserker)              Turns: 4195, Time: 00:07:06

Health: -3/61      AC: 12    Str: 23    XL:     7   Next: 20%
Magic:  0/6        EV:  7    Int:  4    God:    Trog [***...]
Gold:   138        SH:  0    Dex: 10    Spells: 6/6 levels left

rFire   . . .      SeeInvis .   a - +0 hand axe
rCold   . . .      Faith    .   (no shield)
rNeg    . . .      Spirit   +   i - +0 plate armour
rPois   .          Reflect  .   (helmet restricted)
rElec   .          Harm     .   (no cloak)
rCorr   .          Rampage  .   (no gloves)
Will    .....                   (no boots)
Stlth   ..........              l - amulet of guardian spirit
HPRegen 0.20/turn               (no ring)
MPRegen 0.10/turn               (no ring)

@: on berserk cooldown, slowed, very slow
A: horns 2, retaliatory headbutt
a: Renounce Religion, Berserk, Trog's Hand


You were on level 5 of the Dungeon.
You worshipped Trog.
Trog was most pleased with you.
You visited 1 branch of the dungeon, and saw 5 of its levels.
You also visited: Ossuary.

You collected 138 gold pieces.

Inventory:

Hand Weapons
 a - a +0 hand axe (weapon)
Armour
 i - a +0 plate armour (worn)
Jewellery
 l - an amulet of guardian spirit (around neck)
 v - a ring of ice
Scrolls
 b - a scroll of blinking {unknown}
 c - 5 scrolls of identify {unknown}
 d - 3 scrolls of noise
 f - 3 scrolls of teleportation {unknown}
 h - a scroll of silence {unknown}
 k - 3 scrolls of amnesia {unknown}
 p - a scroll of enchant armour {unknown}
 s - a scroll of brand weapon {unknown}
Potions
 e - 3 potions of invisibility {unknown}
 g - 2 potions of haste {unknown}
 j - 3 potions of curing {unknown}
 m - 5 potions of mutation
 n - 2 potions of might {unknown}
 o - a potion of magic {unknown}
 q - 2 potions of flight {unknown}
 r - a potion of brilliance {unknown}
 t - 2 potions of attraction {unknown}
 u - a potion of lignification {unknown}


   Skills:
 + Level 5.5 Fighting
 * Level 6.9 Axes
 + Level 4.7 Armour
 + Level 4.3 Dodging


You had 6 spell levels left.
You didn't know any spells.
Your spell library was empty.

Dungeon Overview and Level Annotations

Branches:
Dungeon (5/15)            Ossuary (visited)
 Temple: D:4-7

Altars:

Shops:
D:2 (

Annotations:
D:5 Eustachio


Innate Abilities, Weirdness & Mutations

You have a pair of horns on your head.
You reflexively headbutt those who attack you in melee.


Message History

You have reached level 7!
You slash the ogre!
You kill the ogre!
Trog accepts your kill.
The gnoll sergeant hits you from afar with a +0 trident!
* * * LOW HITPOINT WARNING * * *
The orc warrior shouts!
Things that are here:
a +0 great sword; a +0 plate armour You slash the gnoll sergeant!
The gnoll sergeant is moderately wounded.
The gnoll sergeant barely misses you.
You hit the gnoll sergeant.
The gnoll sergeant is heavily wounded.
The gnoll sergeant hits you with a +0 trident.
* * * LOW HITPOINT WARNING * * *
You hit the gnoll sergeant.
The gnoll sergeant is severely wounded.
You slash the gnoll sergeant! The gnoll sergeant blocks your attack.
The gnoll sergeant is almost dead.
The gnoll sergeant hits you but does no damage.
The gnoll sergeant blocks your attack.
The gnoll sergeant is almost dead.
The gnoll sergeant hits you with a +0 trident!
* * * LOW HITPOINT WARNING * * *
You are no longer berserk.
You are exhausted.
You feel yourself slow down.
A scorpion comes into view.
The gnoll sergeant hits you but does no damage.
The gnoll sergeant hits you with a +0 trident.
* * * LOW HITPOINT WARNING * * *
Things that are here:
a +0 great sword; a +0 plate armour The gnoll sergeant hits you but does no damage.
The orc warrior barely misses you.
The gnoll sergeant hits you from afar with a +0 trident.
* * * LOW HITPOINT WARNING * * *
The orc warrior hits you with a +0 great sword!
You die...

.. #.#.##.##... ..# #.........#
#.# ####
...####........#####.#######...#
....#........###......##.#.....
..............#...............
...........#..#..#..........# ###
.........[.##....#..........#...#
..###.......#)..............)#
o.#.........s)go@............##$.
.g#......#.#.#......<............
........##.####..............≈.≈≈
.....?..##.. ##.............≈.≈.
...O....##..#......>......##.≈.≈.
......#.##..#.......###.#!≈.≈.
........##.##..#......... .!.≈.≈.
....?..###...................≈.≈.
.......... .. ...........###.≈.≈.


You could see an orc warrior, a gnoll sergeant and a scorpion.

Vanquished Creatures
  An orc warrior (D:5)
  2 ogres
  A centaur zombie (Ossuary)
  A human zombie (Ossuary)
  A gnoll shaman (D:4)
  5 mummies (Ossuary)
  Robin (D:2)
  4 adders
  5 gnolls (D:4)
  2 worms (D:2)
  3 dart slugs
  An orc (D:3)
  6 bats
  5 endoplasms
  2 giant cockroaches (D:1)
  A gnoll zombie (Ossuary)
  8 goblins
  5 hobgoblins
  10 jackals
  5 quokkas
  9 ball pythons
  6 frilled lizards
  A goblin zombie (Ossuary)
  A hobgoblin zombie (Ossuary)
  4 kobolds
  A kobold zombie (Ossuary)
  2 orc zombies (Ossuary)
  A quokka skeleton (D:4)
  5 rats
99 creatures vanquished.

Notes
Turn   | Place    | Note
-------+----------+-------------------------------------------
     0 | D:1      | Maize the Minotaur Berserker began the quest for the Orb.
     0 | D:1      | Reached XP level 1. HP: 19/19 MP: 0/0
   292 | D:1      | Reached XP level 2. HP: 23/27 MP: 1/1
   342 | D:1      | Reached skill level 4 in Axes
  1125 | D:2      | Reached XP level 3. HP: 19/33 MP: 2/2
  1423 | D:2      | Found Huitokud's Antique Weapon Shop.
  1454 | D:2      | Reached ** piety under Trog
  1456 | D:2      | Noticed Robin
  1460 | D:2      | Killed Robin
  1461 | D:2      | Reached XP level 4. HP: 32/40 MP: 3/3
  1659 | D:2      | You fall into a shaft and drop 1 floor!
  2352 | D:2      | Reached skill level 5 in Axes
  2931 | D:4      | Noticed an ogre
  2944 | D:4      | Reached XP level 5. HP: 28/47 MP: 0/4
  2948 | D:4      | Killed an ogre
  2961 | D:4      | Reached XP level 6. HP: 13/55 MP: 1/5
  2963 | D:4      | Found a sand-covered staircase.
  2973 | Ossuary  | Entered an ossuary
  3242 | Ossuary  | Reached skill level 6 in Axes
  3277 | Ossuary  | Reached *** piety under Trog
  3278 | Ossuary  | Reached skill level 5 in Fighting
  4116 | D:5      | Entered Level 5 of the Dungeon
  4116 | D:5      | Noticed an orc warrior
  4116 | D:5      | Noticed Eustachio
  4116 | D:5      | Noticed an orc warrior
  4183 | D:5      | Killed an orc warrior
  4184 | D:5      | Reached XP level 7. HP: 35/61 MP: 2/6
  4195 | D:5      | Slain by an orc warrior

Illustrated notes

Levels and vault maps discovered:
D:1:      sevenhm_arrival_forest_fort_large_3, layout_basic,
          corexii_item_surrounded_by_moat
D:2:      layout_basic, serial_shops, nicolae_shop_waterfront, uniq_robin
D:3:      layout_basic
D:4:      layout_rooms, nicolae_ossuary_entry_monument, dk_rats_in_the_wall
D:5:      layout_cave_pools, mainiacjoe_overflow_brackets,
          mainiacjoe_overflow_small_starburst,
          grunt_dithmenos_smoke_and_mirrors, grunt_qazlal_clouds,
          nicolae_yredelemnul_corpse_copse, serial_shops,
          nicolae_inconvenience_store, serial_column_ruins, column_ruins_hut,
          column_ruins_grid_1, column_ruins_open_small_water,
          column_ruins_open_small, column_ruins_grid_1, column_ruins_grid_1,
          sword_in_stone, uniq_crazy_yiuf_cottage

Skill      XL: |  1  2  3  4  5  6 |
---------------+-------------------+-----
Axes           | 4 5 6 |  6.9
Fighting       | 4 5 |  5.5
Armour         | 3 4 |  4.7
Dodging        | 3 4 |  4.3

Action                   |  1- 3 |  4- 6 |  7- 9 || total
-------------------------+-------+-------+-------++-------
Melee: Hand axe          |    58 |   191 |     6 ||   255
       Headbutt          |     5 |    37 |       ||    42
Invok: Berserk           |     1 |     2 |       ||     3
Armor: Animal skin       |     4 |       |       ||     4
       Chain mail        |    19 |     6 |       ||    25
       Plate armour      |       |   102 |     3 ||   105
Dodge: Dodged            |    39 |    49 |     2 ||    90

Table legend: (Time is in decaauts)
 A = Elapsed time spent in this place.
 B = Non-inter-level travel time spent in this place.
 C = Inter-level travel time spent in this place.
 D = Time resting spent in this place.
 E = Time spent auto-exploring this place.
 F = Levels seen in this place.
 G = Mean time per level.
                   A        B        C        D        E       F      G
               +--------+--------+--------+--------+--------+-----+--------+
         Total |   4220 |   4078 |    142 |    599 |   2649 |   6 |  703.3 |
       Dungeon |   3597 |   3455 |    142 |    217 |   2649 |   5 |  719.4 |
       Ossuary |    623 |    623 |      0 |    382 |      0 |   1 |  623.0 |
               +--------+--------+--------+--------+--------+-----+--------+

Top non-repeatable levels by time:
     D:2: 1142 daAuts
     D:1: 1121 daAuts
     D:3: 677 daAuts
 Ossuary: 623 daAuts
     D:4: 596 daAuts
     D:5: 59 daAuts
